 Dungeon Crawl Stone Soup version 0.24-a0-92-g7d8ec57 (console) character file.

Game seed: 7443803488787447195

17 Duffy the Ruffian (level 2, 0/23 HPs)
             Began as a Draconian Transmuter on Feb 9, 2019.
             Slain by a goblin
             ... wielding a +0 dagger
             ... led by Robin
              (6 damage)
             ... on level 1 of the Dungeon.
             The game lasted 00:00:45 (1471 turns).

Duffy the Ruffian (Draconian Transmuter)            Turns: 1471, Time: 00:00:46

Health: 0/23       AC:  4    Str: 12    XL:     2   Next: 44%
Magic:  5/5        EV: 12    Int: 13    God:
Gold:   13         SH:  0    Dex: 11    Spells: 2/5 levels left

rFire    . . .     SeeInvis .     - Unarmed
rCold    . . .     Gourm    .   (no shield)
rNeg     . . .     Faith    .   (armour unavailable)
rPois    .         Spirit   .   (helmet restricted)
rElec    .         Reflect  .   (no cloak)
rCorr    .         Harm     .   (no gloves)
MR       .....                  (no boots)
Stlth    +.........             (no amulet)
HPRegen  0.07/turn              (no ring)
MPRegen  0.09/turn              (no ring)

@: no status effects
A: unfitting armour, cold-blooded, AC +4
a: no special abilities


You were on level 1 of the Dungeon.
You were hungry.

You visited 1 branch of the dungeon, and saw 2 of its levels.

You collected 13 gold pieces.

Inventory:

Missiles
 a - 12 arrows
 b - 6 javelins (quivered)
Scrolls
 d - 2 scrolls of identify {unknown}
 e - a scroll of fog {unknown}
 f - 2 scrolls of fear {unknown}
 g - a scroll of enchant armour {unknown}
Comestibles
 c - 2 rations


   Skills:
 - Level 1.1 Fighting
 - Level 1.7 Dodging
 + Level 3.3 Unarmed Combat
 + Level 2.3 Spellcasting
 + Level 2.4 Transmutations


You had 2 spell levels left.
You knew the following spells:

 Your Spells              Type           Power        Failure   Level  Hunger
h - Beastly Appendage     Tmut           #.....       9%          1    #......
j - Sticks to Snakes      Tmut           #.......     14%         2    ###....

Your spell library contained the following spells:

 Spells                   Type           Power        Failure   Level  Hunger
 Spider Form              Tmut/Pois      #.........   41%         3    ###....
 Ice Form                 Ice/Tmut       #.......     83%         4    #####..
 Blade Hands              Tmut           #.........   94%         5    ######.


Dungeon Overview and Level Annotations

Branches:
Dungeon (2/15)

Altars:

Annotations:
D:2 Robin


Innate Abilities, Weirdness & Mutations

Your plain brown scales are hard. (AC +4)
You cannot fit into any form of body armour.
You are cold-blooded and may be slowed by cold attacks.


Message History

You closely miss the goblin. You tail-slap the goblin.
The goblin is severely wounded.
The goblin hits you with a +0 dagger. The goblin hits you but does no damage.
The goblin misses you.
You are too injured to fight recklessly!
You are too injured to fight recklessly!
You are too injured to fight recklessly!
You are too injured to fight recklessly!
You are too injured to fight recklessly!
You are too injured to fight recklessly!
You are too injured to fight recklessly!
You are too injured to fight recklessly!
You are too injured to fight recklessly!
You are too injured to fight recklessly!
You are too injured to fight recklessly!
You are too injured to fight recklessly!
You are too injured to fight recklessly!
You are too injured to fight recklessly!
The goblin hits you with a +0 dagger. x2
You die...

#.# #.###.###.#.# #.#
#.........#.. ##.##
#####'#####.. #...#
##...## #.. #...##
##.....###.. #....##
##.......###.
###...####........>##.
#..ggg..'.........'..
#..@.####.........#..
#.#.## ##.......##..
#.### ##.....####. #.#
##...## ## #.# ##'##
#####.##### #.#
#.........# #.#
#.###.###.# ##.## #.#
#.###.######...##


You could see 3 goblins.

Vanquished Creatures
  A dart slug (D:1)
  A leopard gecko (D:1)
  A goblin (D:1)
  2 hobgoblins (D:1)
  2 kobolds (D:1)
  3 bats (D:1)
  A frilled lizard (D:1)
  2 rats (D:1)
13 creatures vanquished.

Vanquished Creatures (others)
  A rat (D:1)
1 creature vanquished.

Grand Total: 14 creatures vanquished

Notes
Turn   | Place    | Note
-------+----------+-------------------------------------------
     0 | D:1      | Duffy the Draconian Transmuter began the quest for the Orb.
     0 | D:1      | Reached XP level 1. HP: 16/16 MP: 3/3
   354 | D:1      | Reached XP level 2. HP: 19/23 MP: 5/5
   451 | D:1      | Learned a level 2 spell: Sticks to Snakes
  1461 | D:2      | Noticed Robin
  1471 | D:1      | Slain by a goblin

Levels and vault maps discovered:
D:1:      psy_arrival_fountain, layout_loops_corners, minmay_misc_feat_roman
D:2:      minmay_chambers_of_ones, layout_loops_corners, led_sif_pool,
          uniq_natasha, uniq_robin

Action                   || total
-------------------------++-------
Melee: Unarmed           ||    61
       Tailslap          ||     5
  Eat: Chunk             ||     1
Armor: Skin              ||    18
Dodge: Dodged            ||    37

Table legend:
 A = Non-vault XP
 B = Vault XP
 C = Vault XP percentage of total XP
 D = Non-vault monster count
 E = Vault monster count
 F = Vault count percentage of total count
                 A         B        C        D         E       F
            +---------+---------+-------+---------+---------+-------
      Total |      25 |       0 |   0.0 |      14 |       0 |   0.0
            +---------+---------+-------+---------+---------+-------
        D:1 |      25 |       0 |   0.0 |      14 |       0 |   0.0
            +---------+---------+-------+---------+---------+-------
